 Dungeon Crawl Stone Soup version 0.18-a0-1140-g8540535 (webtiles) character file.

81 timbw the Cudgeler (level 4, -5/35 HPs)
             Began as a Human Fighter on Jan 21, 2016.
             Was an Initiate of Dithmenos.
             Killed from afar by an orc wizard (7 damage)
             ... with a magic dart
             ... on level 4 of the Dungeon.
             The game lasted 00:03:07 (632 turns).

timbw the Cudgeler (Human Fighter)                   Turns: 632, Time: 00:03:07

Health: -5/35      AC:  7    Str: 21    XL:     4   Next: 67%
Magic:  4/4        EV:  7    Int:  9    God:    Dithmenos [......]
Gold:   51         SH:  9    Dex: 13    Spells: 0 memorised, 3 levels left

rFire  . . .     SeeInvis .     a - +0 flail
rCold  . . .     Gourm    .     b - +0 scale mail
rNeg   . . .     Faith    .     c - +0 shield
rPois  .         Spirit   .     (no helmet)
rElec  .         Dismiss  .     (no cloak)
rCorr  .         Reflect  .     (no gloves)
SustAt .         Harm     .     g - +0 pair of boots
MR     .....                    (no amulet)
Stlth  ..........               (no ring)
                                (no ring)

@: mighty, flying, not resistant to hostile enchantments, extremely unstealthy
A: no striking features
a: Renounce Religion


You were on level 4 of the Dungeon.
You worshipped Dithmenos.
Dithmenos was noncommittal.
You were not hungry.

You visited 1 branch of the dungeon, and saw 4 of its levels.

You collected 51 gold pieces.

Inventory:

Hand Weapons
 a - a +0 flail (weapon)
Armour
 b - a +0 scale mail (worn)
 c - a +0 shield (worn)
 g - a +0 pair of boots (worn)
Scrolls
 e - a scroll of enchant weapon {unknown}
 h - 2 scrolls of blinking {unknown}
 n - 5 scrolls of identify {unknown}
Potions
 i - a potion of invisibility {unknown}
 k - a potion of flight
 l - a potion of berserk rage {unknown}
 m - a potion of agility {unknown}
Comestibles
 f - a bread ration
 j - 3 chunks of flesh


   Skills:
 - Level 3.0 Fighting
 + Level 4.5 Maces & Flails
 - Level 3.0 Armour
 - Level 3.0 Shields


You had 3 spell levels left.
You didn't know any spells.

Dungeon Overview and Level Annotations

Branches:
Dungeon (4/15)
 Temple: D:4-7

Altars:
Dithmenos


Message History

The gnoll throws a stone.
You block the stone.
Drink which item? (? for menu, Esc to quit)
It was a potion of flight.
You feel very buoyant.
You fly up into the air.
The gnoll throws a stone.
You block the stone. 2 gnolls and an orc come into view.
The orc shouts!
The gnoll shouts!
The gnoll moves out of view.
The orc moves out of view.
The orc shouts!
The gnoll throws a stone.
You block the stone.
You see here a stone.
The gnoll throws a stone.
The stone hits you but does no damage.
The orc wizard gestures at you while chanting.
The magic dart hits you!
* * * LOW HITPOINT WARNING * * *
Found 14 arrows.
You see here a stone.
The orc wizard casts a spell at you. The magic dart hits you!
You die...

.. #. #.
##.############
####...o(........##.
......###.((........
###.og...##@###.#.
#..o#####(# #...#
#.# #...# #.# .g...#
#.# ###.#.# #.#
.o... #.# ...... #..
.......


You could see an orc wizard.

Vanquished Creatures
  A worker ant (D:4)
  2 adders (D:3)
  A worm (D:2)
  2 giant geckos
  A giant cockroach (D:1)
  4 goblins
  3 hobgoblins
  3 jackals (D:2)
  A quokka (D:3)
  5 bats
  2 giant newts
  4 kobolds
  4 rats
33 creatures vanquished.

Notes
Turn   | Place    | Note
--------------------------------------------------------------
     0 | D:1      | timbw the Human Fighter began the quest for the Orb.
     0 | D:1      | Reached XP level 1. HP: 18/18 MP: 1/1
   115 | D:1      | Reached XP level 2. HP: 24/24 MP: 2/2
   222 | D:1      | You fall through a shaft!
   263 | D:2      | Reached XP level 3. HP: 26/29 MP: 3/3
   417 | D:3      | Found a shadowy altar of Dithmenos.
   455 | D:3      | Reached skill level 4 in Maces & Flails
   455 | D:3      | Reached XP level 4. HP: 12/35 MP: 4/4
   506 | D:3      | Became a worshipper of Dithmenos the Shadowed
   594 | D:4      | Noticed a phantom
   632 | D:4      | Killed from afar by an orc wizard

Vault maps used:
D:1:      dpeg_arrival_radiant, nemelex_diamond_rough_becter
D:2:      overflow_temple_1_default
D:3:      nicolae_tso_swordbearing_angel, nicolae_ru_great_annihilating_truth,
          yredelemnul_forgotten_temple_becter, old_standard_altar,
          kennysheep_generic_room_14
D:4:      first_bread

Action                   |  1- 3 |  4- 6 || total
-------------------------+-------+-------++-------
Melee: Flail             |   105 |    27 ||   132
  Use: Potion            |     1 |     2 ||     3
